 Dungeon Crawl Stone Soup version 0.22-a0-455-ga0624bf (webtiles) character file.

1929 KristoblXynda the Cleaver (level 8, -1/68 HPs)
             Began as a Deep Dwarf Fighter on June 5, 2018.
             Was a Believer of Makhleb.
             Slain by a gnoll
             ... wielding a +1 halberd of electrocution
              (2 damage)
             ... in a bailey.
             The game lasted 00:10:57 (4936 turns).

KristoblXynda the Cleaver (Deep Dwarf Fighter)      Turns: 4936, Time: 00:10:59

Health: -1/68      AC: 14    Str: 22    XL:     8   Next: 96%
Magic:  7/7        EV:  6    Int:  9    God:    Makhleb [**....]
Gold:   412        SH: 11    Dex: 12    Spells: 7/7 levels left

rFire    . . .     SeeInvis .   a - +1 war axe
rCold    . . .     Gourm    .   c - +0 shield
rNeg     . . .     Faith    .   e - +0 chain mail
rPois    .         Spirit   .   d - +0 helmet
rElec    .         Reflect  .   (no cloak)
rCorr    .         Harm     .   i - +0 pair of gloves
MR       +....                  m - +0 pair of boots
Stlth    ..........             (no amulet)
HPRegen  0.00/turn              g - ring of loudness
MPRegen  0.10/turn              (no ring)

@: non-regenerating
A: damage resistance, heal wounds, sense surroundings 1, no regeneration
a: Heal Wounds, Minor Destruction, Renounce Religion


You were in a bailey.
You worshipped Makhleb.
Makhleb was pleased with you.
You were hungry.

You visited 2 branches of the dungeon, and saw 8 of its levels.
You also visited: Bailey.

You collected 412 gold pieces.

Inventory:

Hand Weapons
 a - a +1 war axe (weapon)
Missiles
 z - 2 throwing nets (quivered)
 D - 18 tomahawks of returning
Armour
 c - a +0 shield (worn)
 d - a +0 helmet (worn)
 e - a +0 chain mail (worn)
 i - a +0 pair of gloves (worn)
 m - a +0 pair of boots (worn)
Jewellery
 g - a ring of loudness (left hand)
Scrolls
 b - 2 scrolls of magic mapping
 h - 4 scrolls of teleportation
 k - 2 scrolls of enchant weapon
 n - a scroll of amnesia
 r - a scroll of fear
 u - 2 scrolls of fog
 w - a scroll of remove curse
 A - a scroll of blinking
Potions
 j - a potion of invisibility {unknown}
 l - a potion of heal wounds {unknown}
 o - 2 potions of agility
 p - a potion of cancellation {unknown}
 q - 3 potions of curing
 s - 2 potions of lignification
 v - 3 potions of mutation
 B - 2 potions of degeneration {unknown}
Comestibles
 f - 12 rations
 C - 5 chunks of flesh


   Skills:
 - Level 2.6 Fighting
 * Level 9.0 Axes
 + Level 7.3 Armour
 + Level 7.3 Shields


You had 7 spell levels left.
You didn't know any spells.
Your spell library contained the following spells:

 Spells                   Type           Power        Failure   Level  Hunger
 Confuse                  Hex            #.......     100%        3    ####...
 Tukima's Dance           Hex            #.......     100%        3    ####...
 Ensorcelled Hibernation  Hex/Ice        #.....       100%        2    ###....
 Corona                   Hex            #......      100%        1    ##.....
 Dazzling Spray           Conj/Hex       #.....       100%        3    ####...


Dungeon Overview and Level Annotations

Branches:
Dungeon (7/15)             Temple (1/1) D:5

Altars:
Ashenzari
Cheibriados
Dithmenos
Elyvilon
Fedhas
Gozag
Hepliaklqana
Kikubaaqudgha
Makhleb
Nemelex Xobeh
Okawaru
Qazlal
Ru
Sif Muna
Trog
Uskayaw
Vehumet
Wu Jian
Xom
Yredelemnul
Zin
The Shining One

Shops:
D:5 :


Innate Abilities, Weirdness & Mutations

You are resistant to damage.
You can heal yourself by infusing magical energy.
You passively map a small area around you.
You do not regenerate.


Message History

You block the gnoll's attack.
Something unseen opens the door.
A gnoll comes into view.
It is wielding a halberd of electrocution.
The gnoll shouts!
You block the gnoll's attack.
There is an open door here.
Your chain mail prevents you from hitting the gnoll.
The gnoll hits you but does no damage.
You are electrocuted!
* * * LOW HITPOINT WARNING * * *
You block the gnoll's attack.
You are feeling hungry.
You barely miss the gnoll. You block the gnoll's attack.
The gnoll barely misses you.
You slash the gnoll!
The gnoll is severely wounded.
The gnoll hits you from afar with a halberd of electrocution!
* * * LOW HITPOINT WARNING * * *
You are electrocuted!
* * * LOW HITPOINT WARNING * * *
The gnoll hits you with a halberd of electrocution.
You die...

* #### ### ###
* * #)###.###.#
* '*##'##'##'##
##.....##
###.....### ⌠,
#.'..∩††'.# * ,
* ###../.†###
,, * ##.....##
#@##'##'##
**#.gg###.###∩#
* #### ### ###


You could see 2 gnolls.

Vanquished Creatures
  The ghost of anything the Covert, a novice OpCK of Xom (D:4)
  Sigmund (D:3)
  An ice beast (D:5)
  The ghost of KristoblXynda the Ruffian, an amateur TrWz (D:3)
  A phantom (D:6)
  2 sky beasts
  2 ogres
  A centaur (D:7)
  2 bullfrogs
  2 scorpions
  2 howler monkeys
  A crimson imp (D:6)
  4 hounds
  A jelly (D:6)
  A gnoll shaman (D:6)
  An iguana (D:6)
  A worker ant (D:4)
  Robin (D:3)
  8 gnolls
  3 adders
  3 shadow imps (D:6)
  2 adder skeletons
  A worm (D:2)
  3 dart slugs
  5 leopard geckos
  5 orcs
  9 bats
  5 giant cockroaches
  18 hobgoblins
  13 jackals
  3 quokkas
  2 ball pythons
  2 frilled lizards
  12 goblins
  A jackal zombie (D:5)
  9 kobolds
  A leopard gecko zombie (D:5)
  5 rats
136 creatures vanquished.

Notes
Turn   | Place    | Note
-------+----------+-------------------------------------------
     0 | D:1      | KristoblXynda the Deep Dwarf Fighter began the quest for the Orb.
     0 | D:1      | Reached XP level 1. HP: 20/20 MP: 1/1
   109 | D:1      | Reached XP level 2. HP: 24/27 MP: 2/2
   582 | D:2      | Reached XP level 3. HP: 28/33 MP: 3/3
   616 | D:2      | Found a burning altar of Makhleb.
   620 | D:2      | Reached skill level 3 in Axes
   627 | D:2      | Became a worshipper of Makhleb the Destroyer
   691 | D:2      | Reached XP level 4. HP: 32/40 MP: 4/4
   996 | D:3      | Noticed KristoblXynda's ghost (amateur TrWz)
  1008 | D:3      | Killed KristoblXynda's ghost
  1008 | D:3      | Reached skill level 4 in Axes
  1008 | D:3      | Reached XP level 5. HP: 31/46 MP: 5/5
  1182 | D:3      | Reached * piety under Makhleb
  1207 | D:3      | Noticed Sigmund
  1241 | D:3      | Killed Sigmund
  1241 | D:3      | Reached skill level 5 in Armour
  1241 | D:3      | Reached skill level 5 in Shields
  1241 | D:3      | Reached XP level 6. HP: 43/55 MP: 6/6
  1408 | D:3      | Reached skill level 5 in Axes
  1435 | D:3      | Noticed Robin
  1459 | D:3      | Killed Robin
  1938 | D:4      | Noticed anything's ghost (novice OpCK)
  1976 | D:4      | Killed anything's ghost
  1976 | D:4      | Reached skill level 6 in Axes
  1976 | D:4      | Reached XP level 7. HP: 23/61 MP: 7/7
  2696 | D:5      | Entered Level 5 of the Dungeon
  2706 | D:5      | Reached ** piety under Makhleb
  2827 | D:5      | Found Wuokkaon's Book Shop.
  2997 | D:5      | Found a staircase to the Ecumenical Temple.
  3059 | D:5      | Reached skill level 7 in Axes
  3219 | D:5      | Reached XP level 8. HP: 35/68 MP: 7/7
  3561 | Temple   | Entered the Ecumenical Temple
  3780 | D:6      | Reached skill level 8 in Axes
  4661 | D:7      | Found a stormy altar of Qazlal.
  4715 | D:7      | Reached skill level 9 in Axes
  4823 | D:7      | Found a flagged portal.
  4835 | Bailey   | Entered a bailey
  4936 | Bailey   | HP: 1/68 [gnoll/halberd of electrocution (14)]
  4936 | Bailey   | Slain by a gnoll

Vault maps used:
D:1:      dpeg_arrival_round_c
D:2:      makhleb_heckhound_becter
D:3:      serial_bayou_lagoon_a, uniq_robin, uniq_sigmund
D:5:      minmay_temple_entry_hall, first_ration, serial_shops,
          nicolae_shop_window_shopping
D:7:      grunt_qazlal_sundering, enter_bailey_8
Temple:   dpeg_three_leaves_temple
Bailey:   bailey_axe_2, bailey

Skill      XL: |  1  2  3  4  5  6  7  8 |
---------------+-------------------------+-----
Axes           | 3 4 6 7 9 |  9.0
Armour         | 4 5 6 7 |  7.3
Shields        | 4 5 6 7 |  7.3
Fighting       | |  2.6

Action                   |  1- 3 |  4- 6 |  7- 9 || total
-------------------------+-------+-------+-------++-------
Melee: War axe           |   104 |   185 |   218 ||   507
 Abil: Heal Wounds       |       |     1 |     2 ||     3
  Use: Scroll            |       |     6 |     8 ||    14
       Potion            |       |     3 |       ||     3
  Eat: Chunk             |       |     4 |     6 ||    10
       Ration            |       |       |     1 ||     1
Armor: Chain mail        |    55 |    92 |   104 ||   251
       Scale mail        |     3 |       |       ||     3
       Skin              |       |    17 |       ||    17
Dodge: Dodged            |    24 |    30 |    47 ||   101
Block: Shield            |    67 |    89 |   146 ||   302

Table legend:
 A = Spawn XP
 B = Non-spawn XP
 C = Spawn XP percentage of total XP
 D = Spawn monster count
 E = Non-spawn monster count
 F = Spawn count percentage of total count
 G = Total turns spent on level
                    A         B        C        D         E        F      G
               +---------+---------+-------+---------+---------+-------+---------
         Total |       0 |    2756 |   0.0 |       0 |     136 |   0.0 |  4936
               +---------+---------+-------+---------+---------+-------+---------
           D:1 |       0 |      36 |   0.0 |       0 |      22 |   0.0 |   526
           D:2 |       0 |      97 |   0.0 |       0 |      22 |   0.0 |   391
           D:3 |       0 |     501 |   0.0 |       0 |      35 |   0.0 |   938
           D:4 |       0 |     585 |   0.0 |       0 |      11 |   0.0 |   841
           D:5 |       0 |     448 |   0.0 |       0 |      16 |   0.0 |   873
           D:6 |       0 |     654 |   0.0 |       0 |      15 |   0.0 |  1008
           D:7 |       0 |     410 |   0.0 |       0 |       9 |   0.0 |   178
        Bailey |       0 |      25 |   0.0 |       0 |       6 |   0.0 |   101
               +---------+---------+-------+---------+---------+-------+---------
